Blues vs Sharks

Created - 8 mars 2024 at 19:39

Goals
1 2 3 T
Blues 1 1 2 4
Sharks 0 2 0 2
Shots
1 2 3 T
Blues 6 12 11 29
Sharks 13 15 12 40

GoalsPenalties
1st period
1. Blues , Brad Marchand 32 (Dawson Mercer 31) at 6:25
Tomas Nosek (SJ ) for Hooking (Minor) at 0:59
Tyler Toffoli (STL) for Holding (Minor) at 1:03
Jake McCabe (SJ ) for Hooking (Minor) at 7:32
2nd period
2. Sharks , Nick Schmaltz 23 (William Karlsson 21) at 1:26
3. Sharks , Nick Schmaltz 24 (Jean-Gabriel Pageau 27) at 7:51 (PP)
4. Blues , Dawson Mercer 28 (Brandon Montour 43, Brad Marchand 44) at 11:06 (PP)
Brad Marchand (STL) for Hooking (Minor) at 6:50
Leon Draisaitl (SJ ) for Hooking (Minor) at 10:35
Pavel Buchnevich (SJ ) for Hooking (Minor) at 12:07
Brandon Montour (STL) for High sticking (Minor) at 16:38
3rd period
5. Blues , Pius Suter 13 (Dawson Mercer 32, MacKenzie Weegar 27) at 1:54 (SH)
6. Blues , Dawson Mercer 29 (Travis Hamonic 17) at 19:20 (Empty Net)
Zach Bogosian (STL) for Hooking (Minor) at 0:50
Leon Draisaitl (SJ ) for Slashing (Minor) at 13:03
Brandon Montour (STL) for Interference (Minor) at 19:27
Goalie Stats
Kaapo Kahkonen (STL), 38 saves from 40 shots - (0,950), W, 32-20-8, 60:00 minutes
Andrei Vasilevskiy (SJ ), 25 saves from 28 shots - (0,893), L, 42-26-7, 59:41 minutes
3 StarsOfficial
1 - Dawson Mercer (STL)
2 - Kaapo Kahkonen (STL)
3 - Nick Schmaltz (SJ )
Referees : Ghislain Hebert and Pierre Lambert
Linesman : Alexandra Clarke and Michel Cormier
Game Note
Dawson Mercer has scored in a empty net!
Finance
Level 1 -- Attendance: 6300 (100%) -- Ticket Income $535,500
Level 2 -- Attendance: 5400 (100%) -- Ticket Income $248,400
Level 3 -- Attendance: 2600 (100%) -- Ticket Income $85,800
Level 4 -- Attendance: 3287 (80%) -- Ticket Income $62,453
Luxury Box -- Attendance: 1002 (91%) -- Ticket Income $160,320
Game was played at the HP Pavilion.
Total Attendance: 18589 (95%)
Total Ticket Income: $1,092,473
Other Income: $327,742
Total Income: $1,420,215



Team Name Goals Shots Shots Attemp Shots Blocked PIM HIT PP PK FO%
Blues 42958910181 / 5 (20%)141%
Sharks 24078131081 / 5 (20%)159%

Blues
Player Name POS G A P +/- PIM HIT SHT SB MP PP MP PP SHT PK MP PK SHT FO% FOT GA TA
Arthur KaliyevLW/RW000002207:380:0700:0000% 000
Brad MarchandLW1121241019:453:4300:3300% 030
Brandon MontourD0110403125:374:4200:3000% 003
Brayden SchennC/LW000-1023017:563:3700:04055% 2000
Dawson MercerC/RW2243025023:202:4814:09138% 4201
Denis GurianovLW/RW000000007:380:0700:0000% 000
Gavin BayreutherD0000000011:170:0000:0000% 001
Kyle OkposoRW0001014111:440:0100:4900% 000
Kyle PalmieriLW/RW0000021010:500:0000:0400% 010
MacKenzie WeegarD0112021128:064:1703:3200% 011
Marcus JohanssonLW/RW000-1010016:062:4800:000100% 100
Mats ZuccarelloLW/RW0001003017:532:4800:330100% 100
Paul StastnyC/LW000000107:560:0000:4900% 400
Pius SuterC/LW1012002014:410:0004:09125% 401
Sean WalkerD0000000215:462:1501:0600% 001
Travis HamonicD0112012323:121:5005:0300% 000
Tyler ToffoliRW000-1211016:593:3610:0000% 200
Zach BogosianD0000200116:010:0000:5900% 002
Sharks
Player Name POS G A P +/- PIM HIT SHT SB MP PP MP PP SHT PK MP PK SHT FO% FOT GA TA
Alex OvechkinLW000-3023023:024:0101:430100% 302
Alex PietrangeloD000-2006027:104:2423:4600% 000
Andrei KuzmenkoLW/RW000000107:441:3000:0000% 000
Colton SissonsC/RW000-1002019:450:0003:4400% 000
Ivan ProvorovD0000012621:001:1100:0300% 011
Jake McCabeD0000214217:081:1101:5300% 011
Jean-Gabriel PageauC0110004012:051:3002:03088% 810
John CarlsonD000-2011022:484:2400:5300% 010
Leon DraisaitlC/LW000-3408221:174:0120:00059% 3710
Mario FerraroD0000010113:480:0002:4300% 000
Nick SchmaltzC/RW2021012016:131:3010:4500% 010
Pavel BuchnevichC/LW/RW000-1202121:314:0511:0400% 120
Shane PintoC000000106:140:0000:000100% 300
Tomas NosekC/LW000020009:140:0400:000100% 101
Trevor LewisC/RW000000108:320:0000:0000% 000
Trevor van RiemsdykD0000001018:270:0003:4600% 010
William KarlssonC0111011119:160:0403:45038% 2100
Wyatt JohnstonC000000106:140:0000:0000% 010

Blues

5 vs 5 Forward
Line #Left WingCenterRight WingPHYDFOFWanted %Time %Time Play
1Brad MarchandDawson MercerMats Zuccarello1133933%14:53
2Marcus JohanssonBrayden SchennTyler Toffoli1132930%13:28
3Kyle PalmieriPius SuterKyle Okposo1222022%9:58
4Denis GurianovPaul StastnyArthur Kaliyev1221216%7:07
5 vs 5 Defense
Line #DefenseDefensePHYDFOFWanted %Time %Time Play
1MacKenzie WeegarBrandon Montour1224040%18:16
2Travis HamonicZach Bogosian1223032%14:36
3Sean WalkerGavin Bayreuther1222024%11:02
4MacKenzie WeegarBrandon Montour122103%1:32
Power Play Forward
Line #Left WingCenterRight WingPHYDFOFWanted %Time %Time Play
1Brad MarchandBrayden SchennTyler Toffoli1046057%3:44
2Marcus JohanssonDawson MercerMats Zuccarello1134043%2:48
Power Play Defense
Line #DefenseDefensePHYDFOFWanted %Time %Time Play
1MacKenzie WeegarBrandon Montour1136066%4:17
2Brandon MontourSean Walker1134034%2:15
Penalty Kill 4 Players Forward
Line #CenterWingPHYDFOFWanted %Time %Time Play
1Dawson MercerPius Suter1316084%4:42
2Paul StastnyKyle Okposo1314016%0:53
Penalty Kill 4 Players Defense
Line #DefenseDefensePHYDFOFWanted %Time %Time Play
1MacKenzie WeegarTravis Hamonic1316070%3:54
2Brandon MontourZach Bogosian1314030%1:41
Penalty Kill 3 Players
Line #WingPHYDFOFWanted %Time %Time PlayDefenseDefensePHYDFOFWanted %Time %Time Play
1Pius Suter140600%0:00 MacKenzie WeegarTravis Hamonic140600%0:00
2Dawson Mercer140400%0:00 Brandon MontourZach Bogosian122400%0:00
4 vs 4 Forward
Line #CenterWingPHYDFOFWanted %Time %Time Play
1Dawson MercerBrad Marchand1226055%1:03
2Brayden SchennTyler Toffoli1224045%0:52
4 vs 4 Defense
Line #DefensePHYDFOFWanted %Time %Time Play
1MacKenzie WeegarBrandon Montour1226045%60% - 0:52
2Travis HamonicZach Bogosian1224055%40% - 1:03
Last Minutes Offensive
Left WingCenterRight WingDefenseDefense
Brad MarchandBrayden SchennTyler ToffoliMacKenzie WeegarBrandon Montour
Last Minutes Defensive
Left WingCenterRight WingDefenseDefense
Pius SuterDawson MercerKyle OkposoMacKenzie WeegarTravis Hamonic
Time
Total ForwardTotal DefenseLast Minutes OffensiveLast Minutes Defensive
60:00 60:00 0:000:32
Extra Forwards
Normal PowerPlayPenalty Kill
Dawson Mercer, Marcus Johansson, Kyle PalmieriTyler Toffoli, Arthur KaliyevBrad Marchand
Extra Defensemen
Normal PowerPlayPenalty Kill
Travis Hamonic, MacKenzie Weegar, Zach BogosianTravis Hamonic, Travis HamonicMacKenzie Weegar
Penalty Shots
Tyler Toffoli, Brad Marchand, Dawson Mercer, Brayden Schenn, Mats Zuccarello
Goalie
Kaapo Kahkonen, Pheonix Copley
Scratches
Josh Norris (Healthy), Jake Muzzin (Healthy)

Sharks

5 vs 5 Forward
Line #Left WingCenterRight WingPHYDFOFWanted %Time %Time Play
1Alex OvechkinLeon DraisaitlColton Sissons1133934%15:40
2Pavel BuchnevichWilliam KarlssonNick Schmaltz1133533%14:59
3Tomas NosekJean-Gabriel PageauTrevor Lewis1221919%8:32
4Wyatt JohnstonShane PintoAndrei Kuzmenko122714%6:14
5 vs 5 Defense
Line #DefenseDefensePHYDFOFWanted %Time %Time Play
1Alex PietrangeloIvan Provorov1133738%17:24
2John CarlsonTrevor van Riemsdyk1223336%16:14
3Jake McCabeMario Ferraro1312324%10:43
4Alex PietrangeloJohn Carlson12272%1:04
Power Play Forward
Line #Left WingCenterRight WingPHYDFOFWanted %Time %Time Play
1Alex OvechkinLeon DraisaitlPavel Buchnevich1136272%4:01
2Andrei KuzmenkoJean-Gabriel PageauNick Schmaltz1133828%1:34
Power Play Defense
Line #DefenseDefensePHYDFOFWanted %Time %Time Play
1Alex PietrangeloJohn Carlson1136279%4:24
2Ivan ProvorovJake McCabe1133821%1:11
Penalty Kill 4 Players Forward
Line #CenterWingPHYDFOFWanted %Time %Time Play
1William KarlssonColton Sissons1316072%4:43
2Jean-Gabriel PageauPavel Buchnevich1314028%1:49
Penalty Kill 4 Players Defense
Line #DefenseDefensePHYDFOFWanted %Time %Time Play
1Alex PietrangeloTrevor van Riemsdyk1316058%3:49
2Mario FerraroJake McCabe1314042%2:43
Penalty Kill 3 Players
Line #WingPHYDFOFWanted %Time %Time PlayDefenseDefensePHYDFOFWanted %Time %Time Play
1William Karlsson140600%0:00 Alex PietrangeloTrevor van Riemsdyk140600%0:00
2Jean-Gabriel Pageau140400%0:00 Mario FerraroJake McCabe140400%0:00
4 vs 4 Forward
Line #CenterWingPHYDFOFWanted %Time %Time Play
1Leon DraisaitlAlex Ovechkin1136057%1:05
2William KarlssonPavel Buchnevich1224043%0:50
4 vs 4 Defense
Line #DefensePHYDFOFWanted %Time %Time Play
1Alex PietrangeloJohn Carlson1136057%60% - 1:06
2Ivan ProvorovJake McCabe1224043%40% - 0:49
Last Minutes Offensive
Left WingCenterRight WingDefenseDefense
Alex OvechkinLeon DraisaitlPavel BuchnevichAlex PietrangeloJohn Carlson
Last Minutes Defensive
Left WingCenterRight WingDefenseDefense
Pavel BuchnevichWilliam KarlssonColton SissonsAlex PietrangeloTrevor van Riemsdyk
Time
Total ForwardTotal DefenseLast Minutes OffensiveLast Minutes Defensive
60:00 60:00 0:330:00
Extra Forwards
Normal PowerPlayPenalty Kill
Jean-Gabriel Pageau, Nick Schmaltz, Colton SissonsJean-Gabriel Pageau, Nick SchmaltzJean-Gabriel Pageau
Extra Defensemen
Normal PowerPlayPenalty Kill
Jake McCabe, John Carlson, Mario FerraroJake McCabe, Jake McCabeJohn Carlson
Penalty Shots
Leon Draisaitl, Alex Ovechkin, Pavel Buchnevich, Alex Pietrangelo, Nick Schmaltz
Goalie
Andrei Vasilevskiy, Scott Wedgewood
Scratches
None


Play-by-Play

1st period


0:01 of 1st period - Leon Draisaitl wins face-off versus Dawson Mercer in neutral zone.
0:08 of 1st period - Wrist shot by Leon Draisaitl.
0:08 of 1st period - Shot Misses the Net.
0:26 of 1st period - Pavel Buchnevich is hit by MacKenzie Weegar and loses puck.
0:39 of 1st period - Snap shot by Kyle Palmieri.
0:39 of 1st period - Shot Misses the Net.
0:46 of 1st period - Icing by Alex Pietrangelo.
0:47 of 1st period - Brayden Schenn wins face-off versus William Karlsson in Sharks zone.
0:56 of 1st period - Snap shot by Brayden Schenn.
0:56 of 1st period - Deflect By Tyler Toffoli.
0:56 of 1st period - Shot Blocked by Ivan Provorov.
0:56 of 1st period - Puck is out of play.
0:57 of 1st period - Jean-Gabriel Pageau wins face-off versus Brayden Schenn in Sharks zone.
0:59 of 1st period - Minor Penalty to Tomas Nosek for Hooking.
1:00 of 1st period - Brayden Schenn wins face-off versus William Karlsson in Sharks zone.
1:03 of 1st period - Minor Penalty to Tyler Toffoli for Holding.
1:04 of 1st period - Alex Ovechkin wins face-off versus Dawson Mercer in Blues zone.
1:10 of 1st period - Wrist shot by Alex Ovechkin.
1:10 of 1st period - Deflect By Brandon Montour.
1:10 of 1st period - Shot Blocked by Brandon Montour.
1:10 of 1st period - Puck is out of play.
1:11 of 1st period - Leon Draisaitl wins face-off versus Dawson Mercer in Blues zone.
1:20 of 1st period - Snap shot by Leon Draisaitl.
1:20 of 1st period - Deflect By Alex Ovechkin.
1:20 of 1st period - Shot Hit the Post.
1:20 of 1st period - Puck is out of play.
1:21 of 1st period - Brayden Schenn wins face-off versus William Karlsson in Blues zone.
1:52 of 1st period - Wrist shot by Alex Ovechkin.
1:52 of 1st period - Deflect By Leon Draisaitl.
1:52 of 1st period - Shot Blocked by Travis Hamonic.
1:52 of 1st period - Puck is out of play.
1:53 of 1st period - Leon Draisaitl wins face-off versus Dawson Mercer in Blues zone.
2:56 of 1st period - Snap shot by Kyle Palmieri.
2:56 of 1st period - Stopped by Andrei Vasilevskiy without a rebound.
2:57 of 1st period - William Karlsson wins face-off versus Brayden Schenn in Sharks zone.
2:59 of 1st period - Penalty to Tomas Nosek is over, Tomas Nosek is back on ice.
3:03 of 1st period - Penalty to Tyler Toffoli is over, Tyler Toffoli is back on ice.
3:10 of 1st period - Wrist shot by Brayden Schenn.
3:10 of 1st period - Stopped by Andrei Vasilevskiy with a rebound.
3:12 of 1st period - Snap shot by MacKenzie Weegar.
3:12 of 1st period - Shot Blocked by William Karlsson.
3:20 of 1st period - Backhand shot by Brayden Schenn.
3:20 of 1st period - Shot Blocked by Ivan Provorov.
3:41 of 1st period - Off-side.
3:42 of 1st period - Leon Draisaitl wins face-off versus Dawson Mercer in neutral zone.
3:47 of 1st period - Slapshot by Alex Ovechkin.
3:47 of 1st period - Stopped by Kaapo Kahkonen with a rebound.
3:49 of 1st period - Slapshot by John Carlson.
3:49 of 1st period - Stopped by Kaapo Kahkonen with a rebound.
4:27 of 1st period - Icing by Travis Hamonic.
4:28 of 1st period - Jean-Gabriel Pageau wins face-off versus Paul Stastny in Blues zone.
4:47 of 1st period - Slapshot by Travis Hamonic.
4:47 of 1st period - Stopped by Andrei Vasilevskiy with a rebound.
4:53 of 1st period - Alex Ovechkin is hit by Arthur Kaliyev and loses puck.
5:02 of 1st period - Snap shot by Leon Draisaitl.
5:02 of 1st period - Stopped by Kaapo Kahkonen without a rebound.
5:03 of 1st period - Jean-Gabriel Pageau wins face-off versus Dawson Mercer in Blues zone.
5:14 of 1st period - Slapshot by Alex Pietrangelo.
5:14 of 1st period - Stopped by Kaapo Kahkonen with a rebound.
5:30 of 1st period - Alex Pietrangelo is hit by Kyle Palmieri.
6:06 of 1st period - Pavel Buchnevich is hit by Brayden Schenn and loses puck.
6:13 of 1st period - Slapshot by Trevor van Riemsdyk.
6:13 of 1st period - Deflect By Pavel Buchnevich.
6:13 of 1st period - Shot Misses the Net.
6:13 of 1st period - Puck is out of play.
6:14 of 1st period - Dawson Mercer wins face-off versus Leon Draisaitl in Blues zone.
6:25 of 1st period - Snap shot by Brad Marchand.
6:25 of 1st period - Goal by Brad Marchand - Blues : 1 - Sharks : 0.
6:26 of 1st period - Dawson Mercer wins face-off versus Leon Draisaitl in neutral zone.
6:33 of 1st period - Slapshot by Dawson Mercer.
6:33 of 1st period - Shot Misses the Net.
6:35 of 1st period - Slapshot by MacKenzie Weegar.
6:35 of 1st period - Shot Blocked by Jake McCabe.
6:37 of 1st period - Slapshot by Brad Marchand.
6:37 of 1st period - Shot Blocked by Mario Ferraro.
6:39 of 1st period - Wrist shot by Brad Marchand.
6:39 of 1st period - Shot Misses the Net.
6:57 of 1st period - Wrist shot by Jean-Gabriel Pageau.
6:57 of 1st period - Deflect By Pius Suter.
6:57 of 1st period - Shot Misses the Net.
6:57 of 1st period - Puck is out of play.
6:58 of 1st period - Jean-Gabriel Pageau wins face-off versus Tyler Toffoli in Blues zone.
6:59 of 1st period - Snap shot by Trevor Lewis.
6:59 of 1st period - Stopped by Kaapo Kahkonen without a rebound.
7:00 of 1st period - Brayden Schenn wins face-off versus Jean-Gabriel Pageau in Blues zone.
7:32 of 1st period - Minor Penalty to Jake McCabe for Hooking.
7:33 of 1st period - Brayden Schenn wins face-off versus William Karlsson in Sharks zone.
9:32 of 1st period - Penalty to Jake McCabe is over, Jake McCabe is back on ice.
9:41 of 1st period - Slapshot by Pavel Buchnevich.
9:41 of 1st period - Shot Misses the Net.
9:49 of 1st period - Snap shot by Jean-Gabriel Pageau.
9:49 of 1st period - Stopped by Kaapo Kahkonen with a rebound.
9:51 of 1st period - Snap shot by Jean-Gabriel Pageau.
9:51 of 1st period - Shot Misses the Net.
9:53 of 1st period - Wrist shot by Alex Pietrangelo.
9:53 of 1st period - Stopped by Kaapo Kahkonen without a rebound.
9:54 of 1st period - Shane Pinto wins face-off versus Paul Stastny in Blues zone.
10:09 of 1st period - Slapshot by Arthur Kaliyev.
10:09 of 1st period - Stopped by Andrei Vasilevskiy without a rebound.
10:10 of 1st period - Leon Draisaitl wins face-off versus Dawson Mercer in Sharks zone.
10:10 of 1st period - Leon Draisaitl is hit by Brad Marchand.
10:18 of 1st period - Alex Pietrangelo is hit by Brad Marchand.
10:56 of 1st period - Alex Pietrangelo is hit by Kyle Palmieri and loses puck.
12:56 of 1st period - Snap shot by Wyatt Johnston.
12:56 of 1st period - Stopped by Kaapo Kahkonen with a rebound.
12:58 of 1st period - Snap shot by Andrei Kuzmenko.
12:58 of 1st period - Shot Blocked by Sean Walker.
13:00 of 1st period - Slapshot by Jake McCabe.
13:00 of 1st period - Stopped by Kaapo Kahkonen without a rebound.
13:01 of 1st period - Leon Draisaitl wins face-off versus Dawson Mercer in Blues zone.
13:59 of 1st period - Slapshot by Alex Pietrangelo.
13:59 of 1st period - Deflect By Trevor Lewis.
13:59 of 1st period - Shot Misses the Net.
13:59 of 1st period - Puck is out of play.
14:00 of 1st period - Leon Draisaitl wins face-off versus Dawson Mercer in Blues zone.
14:27 of 1st period - Nick Schmaltz is hit by Marcus Johansson and loses puck.
15:22 of 1st period - Snap shot by Leon Draisaitl.
15:22 of 1st period - Shot Hit the Post.
15:36 of 1st period - Jake McCabe is hit by Dawson Mercer and loses puck.
16:45 of 1st period - Wrist shot by Jean-Gabriel Pageau.
16:45 of 1st period - Shot Misses the Net.
16:47 of 1st period - Snap shot by John Carlson.
16:47 of 1st period - Shot Blocked by Kyle Okposo.
16:49 of 1st period - Snap shot by Jean-Gabriel Pageau.
16:49 of 1st period - Deflect By Trevor Lewis.
16:49 of 1st period - Shot Misses the Net.
16:49 of 1st period - Puck is out of play.
16:50 of 1st period - Dawson Mercer wins face-off versus Leon Draisaitl in Blues zone.
16:59 of 1st period - Wrist shot by Leon Draisaitl.
16:59 of 1st period - Stopped by Kaapo Kahkonen with a rebound.
17:01 of 1st period - Snap shot by Alex Ovechkin.
17:01 of 1st period - Stopped by Kaapo Kahkonen with a rebound.
17:03 of 1st period - Wrist shot by Colton Sissons.
17:03 of 1st period - Stopped by Kaapo Kahkonen with a rebound.
17:05 of 1st period - Wrist shot by Colton Sissons.
17:05 of 1st period - Deflect By Brad Marchand.
17:05 of 1st period - Shot Blocked by Travis Hamonic.
17:05 of 1st period - Puck is out of play.
17:06 of 1st period - Brayden Schenn wins face-off versus William Karlsson in Blues zone.
17:06 of 1st period - Brayden Schenn is hit by William Karlsson.
17:58 of 1st period - Wrist shot by Jean-Gabriel Pageau.
17:58 of 1st period - Stopped by Kaapo Kahkonen with a rebound.
19:06 of 1st period - Slapshot by Brayden Schenn.
19:06 of 1st period - Shot Blocked by Pavel Buchnevich.
19:08 of 1st period - Backhand shot by Brayden Schenn.
19:08 of 1st period - Stopped by Andrei Vasilevskiy without a rebound.
19:09 of 1st period - Leon Draisaitl wins face-off versus Brayden Schenn in Sharks zone.
Goals for this period are 1 for Blues vs 0 for Sharks.
Shots for this period are 6 for Blues vs 13 for Sharks.

2nd period


0:01 of 2nd period - Dawson Mercer wins face-off versus Leon Draisaitl in neutral zone.
0:04 of 2nd period - Snap shot by Mats Zuccarello.
0:04 of 2nd period - Deflect By Dawson Mercer.
0:04 of 2nd period - Shot Misses the Net.
0:04 of 2nd period - Puck is out of play.
0:05 of 2nd period - Alex Ovechkin wins face-off versus Dawson Mercer in Sharks zone.
0:05 of 2nd period - Alex Ovechkin is hit by Brad Marchand.
0:11 of 2nd period - Wrist shot by Leon Draisaitl.
0:11 of 2nd period - Shot Misses the Net.
0:13 of 2nd period - Wrist shot by Leon Draisaitl.
0:13 of 2nd period - Stopped by Kaapo Kahkonen with a rebound.
0:15 of 2nd period - Slapshot by Ivan Provorov.
0:15 of 2nd period - Stopped by Kaapo Kahkonen with a rebound.
0:35 of 2nd period - Slapshot by Pavel Buchnevich.
0:35 of 2nd period - Shot Blocked by MacKenzie Weegar.
0:37 of 2nd period - Slapshot by Ivan Provorov.
0:37 of 2nd period - Deflect By Pavel Buchnevich.
0:37 of 2nd period - Shot Misses the Net.
0:37 of 2nd period - Puck is out of play.
0:38 of 2nd period - Brayden Schenn wins face-off versus William Karlsson in Blues zone.
0:38 of 2nd period - Brayden Schenn is hit by Nick Schmaltz.
0:52 of 2nd period - Wrist shot by Pavel Buchnevich.
0:52 of 2nd period - Shot Misses the Net.
0:54 of 2nd period - Slapshot by Trevor van Riemsdyk.
0:54 of 2nd period - Shot Misses the Net.
0:56 of 2nd period - Slapshot by Trevor van Riemsdyk.
0:56 of 2nd period - Stopped by Kaapo Kahkonen with a rebound.
0:58 of 2nd period - Slapshot by Trevor van Riemsdyk.
0:58 of 2nd period - Shot Blocked by Travis Hamonic.
1:00 of 2nd period - Snap shot by Pavel Buchnevich.
1:00 of 2nd period - Shot Misses the Net.
1:02 of 2nd period - Backhand shot by Pavel Buchnevich.
1:02 of 2nd period - Shot Misses the Net.
1:04 of 2nd period - Slapshot by Nick Schmaltz.
1:04 of 2nd period - Shot Blocked by Zach Bogosian.
1:26 of 2nd period - Slapshot by Nick Schmaltz.
1:26 of 2nd period - Goal by Nick Schmaltz - Blues : 1 - Sharks : 1.
1:27 of 2nd period - Leon Draisaitl wins face-off versus Dawson Mercer in neutral zone.
1:27 of 2nd period - Leon Draisaitl is hit by Dawson Mercer.
1:59 of 2nd period - Wrist shot by Arthur Kaliyev.
1:59 of 2nd period - Stopped by Andrei Vasilevskiy without a rebound.
2:00 of 2nd period - Leon Draisaitl wins face-off versus Paul Stastny in Sharks zone.
2:32 of 2nd period - Snap shot by Mats Zuccarello.
2:32 of 2nd period - Stopped by Andrei Vasilevskiy without a rebound.
2:33 of 2nd period - Leon Draisaitl wins face-off versus Dawson Mercer in Sharks zone.
2:33 of 2nd period - Leon Draisaitl is hit by Brad Marchand.
3:21 of 2nd period - Snap shot by Kyle Okposo.
3:21 of 2nd period - Stopped by Andrei Vasilevskiy with a rebound.
4:08 of 2nd period - Slapshot by Kyle Okposo.
4:08 of 2nd period - Shot Blocked by Jake McCabe.
4:10 of 2nd period - Wrist shot by Pius Suter.
4:10 of 2nd period - Stopped by Andrei Vasilevskiy with a rebound.
4:24 of 2nd period - Snap shot by Kyle Okposo.
4:24 of 2nd period - Stopped by Andrei Vasilevskiy without a rebound.
4:25 of 2nd period - Dawson Mercer wins face-off versus William Karlsson in Sharks zone.
4:36 of 2nd period - Snap shot by Mats Zuccarello.
4:36 of 2nd period - Shot Blocked by Ivan Provorov.
4:42 of 2nd period - Wrist shot by Dawson Mercer.
4:42 of 2nd period - Stopped by Andrei Vasilevskiy without a rebound.
4:43 of 2nd period - Leon Draisaitl wins face-off versus Brayden Schenn in Sharks zone.
4:48 of 2nd period - Slapshot by Alex Pietrangelo.
4:48 of 2nd period - Stopped by Kaapo Kahkonen with a rebound.
4:50 of 2nd period - Snap shot by Colton Sissons.
4:50 of 2nd period - Shot Misses the Net.
4:56 of 2nd period - Snap shot by Alex Ovechkin.
4:56 of 2nd period - Stopped by Kaapo Kahkonen with a rebound.
4:58 of 2nd period - Wrist shot by Leon Draisaitl.
4:58 of 2nd period - Stopped by Kaapo Kahkonen without a rebound.
4:59 of 2nd period - Dawson Mercer wins face-off versus William Karlsson in Blues zone.
6:17 of 2nd period - Snap shot by Kyle Palmieri.
6:17 of 2nd period - Shot Misses the Net.
6:19 of 2nd period - Wrist shot by Kyle Palmieri.
6:19 of 2nd period - Shot Blocked by Ivan Provorov.
6:33 of 2nd period - Wrist shot by Dawson Mercer.
6:33 of 2nd period - Stopped by Andrei Vasilevskiy without a rebound.
6:34 of 2nd period - Dawson Mercer wins face-off versus William Karlsson in Sharks zone.
6:35 of 2nd period - Slapshot by Brad Marchand.
6:35 of 2nd period - Shot Misses the Net.
6:50 of 2nd period - Minor Penalty to Brad Marchand for Hooking.
6:51 of 2nd period - Dawson Mercer wins face-off versus Leon Draisaitl in Blues zone.
6:57 of 2nd period - Snap shot by Pius Suter.
6:57 of 2nd period - Deflect By Dawson Mercer.
6:57 of 2nd period - Shot Misses the Net.
6:57 of 2nd period - Puck is out of play.
6:58 of 2nd period - Leon Draisaitl wins face-off versus Dawson Mercer in Sharks zone.
7:17 of 2nd period - Slapshot by Alex Pietrangelo.
7:17 of 2nd period - Stopped by Kaapo Kahkonen with a rebound.
7:45 of 2nd period - Slapshot by Leon Draisaitl.
7:45 of 2nd period - Stopped by Kaapo Kahkonen without a rebound.
7:46 of 2nd period - Jean-Gabriel Pageau wins face-off versus Paul Stastny in Blues zone.
7:51 of 2nd period - Wrist shot by Nick Schmaltz.
7:51 of 2nd period - Goal by Nick Schmaltz - Blues : 1 - Sharks : 2.
7:52 of 2nd period - Leon Draisaitl wins face-off versus Dawson Mercer in neutral zone.
8:06 of 2nd period - Slapshot by Mats Zuccarello.
8:06 of 2nd period - Shot Blocked by Ivan Provorov.
8:08 of 2nd period - Slapshot by Brandon Montour.
8:08 of 2nd period - Stopped by Andrei Vasilevskiy without a rebound.
8:09 of 2nd period - William Karlsson wins face-off versus Brayden Schenn in Sharks zone.
8:11 of 2nd period - Icing by Nick Schmaltz.
8:12 of 2nd period - William Karlsson wins face-off versus Tyler Toffoli in Sharks zone.
8:19 of 2nd period - Backhand shot by Nick Schmaltz.
8:19 of 2nd period - Shot Misses the Net.
8:21 of 2nd period - Snap shot by William Karlsson.
8:21 of 2nd period - Stopped by Kaapo Kahkonen with a rebound.
8:23 of 2nd period - Snap shot by Pavel Buchnevich.
8:23 of 2nd period - Stopped by Kaapo Kahkonen with a rebound.
9:06 of 2nd period - Colton Sissons is hit by MacKenzie Weegar and loses puck.
9:23 of 2nd period - Wrist shot by Mats Zuccarello.
9:23 of 2nd period - Shot Blocked by Leon Draisaitl.
9:25 of 2nd period - Slapshot by MacKenzie Weegar.
9:25 of 2nd period - Deflect By Dawson Mercer.
9:25 of 2nd period - Shot Blocked by Leon Draisaitl.
9:25 of 2nd period - Puck is out of play.
9:26 of 2nd period - William Karlsson wins face-off versus Brayden Schenn in Sharks zone.
9:32 of 2nd period - Off-side.
9:33 of 2nd period - Marcus Johansson wins face-off versus William Karlsson in neutral zone.
10:21 of 2nd period - Snap shot by Pius Suter.
10:21 of 2nd period - Shot Hit the Post.
10:35 of 2nd period - Minor Penalty to Leon Draisaitl for Hooking.
10:36 of 2nd period - William Karlsson wins face-off versus Brayden Schenn in Sharks zone.
11:06 of 2nd period - Slapshot by Brandon Montour.
11:06 of 2nd period - Deflect By Dawson Mercer.
11:06 of 2nd period - Goal by Dawson Mercer - Blues : 2 - Sharks : 2.
11:07 of 2nd period - Mats Zuccarello wins face-off versus Leon Draisaitl in neutral zone.
11:10 of 2nd period - Snap shot by Brad Marchand.
11:10 of 2nd period - Shot Misses the Net.
11:12 of 2nd period - Wrist shot by MacKenzie Weegar.
11:12 of 2nd period - Stopped by Andrei Vasilevskiy with a rebound.
11:14 of 2nd period - Slapshot by Brandon Montour.
11:14 of 2nd period - Deflect By Alex Pietrangelo.
11:14 of 2nd period - Stopped by Andrei Vasilevskiy with a rebound.
11:16 of 2nd period - Snap shot by Mats Zuccarello.
11:16 of 2nd period - Stopped by Andrei Vasilevskiy without a rebound.
11:17 of 2nd period - Leon Draisaitl wins face-off versus Dawson Mercer in Sharks zone.
11:43 of 2nd period - Wrist shot by Dawson Mercer.
11:43 of 2nd period - Deflect By Brad Marchand.
11:43 of 2nd period - Shot Misses the Net.
11:43 of 2nd period - Puck is out of play.
11:44 of 2nd period - Brayden Schenn wins face-off versus Pavel Buchnevich in Sharks zone.
12:01 of 2nd period - Snap shot by Brayden Schenn.
12:01 of 2nd period - Shot Misses the Net.
12:07 of 2nd period - Minor Penalty to Pavel Buchnevich for Hooking.
12:08 of 2nd period - William Karlsson wins face-off versus Brayden Schenn in Sharks zone.
12:25 of 2nd period - Colton Sissons is hit by Brayden Schenn and loses puck.
14:07 of 2nd period - Penalty to Pavel Buchnevich is over, Pavel Buchnevich is back on ice.
14:17 of 2nd period - Arthur Kaliyev is hit by Jake McCabe and loses puck.
15:00 of 2nd period - Off-side.
15:01 of 2nd period - Shane Pinto wins face-off versus Dawson Mercer in neutral zone.
15:06 of 2nd period - Wrist shot by Shane Pinto.
15:06 of 2nd period - Stopped by Kaapo Kahkonen with a rebound.
15:08 of 2nd period - Slapshot by Jake McCabe.
15:08 of 2nd period - Stopped by Kaapo Kahkonen with a rebound.
15:10 of 2nd period - Snap shot by Jake McCabe.
15:10 of 2nd period - Stopped by Kaapo Kahkonen without a rebound.
15:11 of 2nd period - Leon Draisaitl wins face-off versus Dawson Mercer in Blues zone.
15:16 of 2nd period - Wrist shot by Alex Ovechkin.
15:16 of 2nd period - Shot Misses the Net.
15:37 of 2nd period - Brandon Montour is hit by John Carlson and loses puck.
16:36 of 2nd period - Wrist shot by Leon Draisaitl.
16:36 of 2nd period - Shot Misses the Net.
16:38 of 2nd period - Minor Penalty to Brandon Montour for High sticking.
16:39 of 2nd period - Dawson Mercer wins face-off versus Leon Draisaitl in Blues zone.
16:39 of 2nd period - Dawson Mercer is hit by Alex Ovechkin.
17:13 of 2nd period - Slapshot by Alex Pietrangelo.
17:13 of 2nd period - Shot Blocked by Sean Walker.
17:35 of 2nd period - Pavel Buchnevich is hit by Travis Hamonic and loses puck.
18:38 of 2nd period - Penalty to Brandon Montour is over, Brandon Montour is back on ice.
18:45 of 2nd period - Snap shot by Brayden Schenn.
18:45 of 2nd period - Shot Blocked by Ivan Provorov.
18:51 of 2nd period - Marcus Johansson is hit by Ivan Provorov.
Goals for this period are 1 for Blues vs 2 for Sharks.
Shots for this period are 12 for Blues vs 15 for Sharks.

3rd period


0:01 of 3rd period - Dawson Mercer wins face-off versus Leon Draisaitl in neutral zone.
0:26 of 3rd period - Ivan Provorov is hit by Kyle Okposo and loses puck.
0:37 of 3rd period - Snap shot by Kyle Okposo.
0:37 of 3rd period - Stopped by Andrei Vasilevskiy with a rebound.
0:39 of 3rd period - Snap shot by Kyle Okposo.
0:39 of 3rd period - Stopped by Andrei Vasilevskiy without a rebound.
0:40 of 3rd period - William Karlsson wins face-off versus Dawson Mercer in Sharks zone.
0:50 of 3rd period - Minor Penalty to Zach Bogosian for Hooking.
0:51 of 3rd period - Leon Draisaitl wins face-off versus Dawson Mercer in Blues zone.
0:59 of 3rd period - Wrist shot by Leon Draisaitl.
0:59 of 3rd period - Stopped by Kaapo Kahkonen without a rebound.
1:00 of 3rd period - Dawson Mercer wins face-off versus Leon Draisaitl in Blues zone.
1:13 of 3rd period - Slapshot by Pavel Buchnevich.
1:13 of 3rd period - Stopped by Kaapo Kahkonen without a rebound.
1:14 of 3rd period - Pius Suter wins face-off versus Leon Draisaitl in Blues zone.
1:28 of 3rd period - Off-side.
1:29 of 3rd period - Dawson Mercer wins face-off versus Leon Draisaitl in neutral zone.
1:34 of 3rd period - Snap shot by Dawson Mercer.
1:34 of 3rd period - Shot Misses the Net.
1:36 of 3rd period - Backhand shot by Dawson Mercer.
1:36 of 3rd period - Stopped by Andrei Vasilevskiy without a rebound.
1:37 of 3rd period - Leon Draisaitl wins face-off versus Dawson Mercer in Sharks zone.
1:54 of 3rd period - Wrist shot by Pius Suter.
1:54 of 3rd period - Goal by Pius Suter - Blues : 3 - Sharks : 2.
1:55 of 3rd period - Leon Draisaitl wins face-off versus Dawson Mercer in neutral zone.
1:58 of 3rd period - MacKenzie Weegar is hit by Alex Ovechkin and loses puck.
2:05 of 3rd period - Wrist shot by Leon Draisaitl.
2:05 of 3rd period - Shot Hit the Post.
2:25 of 3rd period - Backhand shot by John Carlson.
2:25 of 3rd period - Shot Misses the Net.
2:27 of 3rd period - Snap shot by Jean-Gabriel Pageau.
2:27 of 3rd period - Shot Misses the Net.
2:29 of 3rd period - Wrist shot by Alex Pietrangelo.
2:29 of 3rd period - Stopped by Kaapo Kahkonen without a rebound.
2:30 of 3rd period - Leon Draisaitl wins face-off versus Dawson Mercer in Blues zone.
2:50 of 3rd period - Penalty to Zach Bogosian is over, Zach Bogosian is back on ice.
3:08 of 3rd period - Snap shot by Brayden Schenn.
3:08 of 3rd period - Stopped by Andrei Vasilevskiy with a rebound.
5:10 of 3rd period - William Karlsson is hit by Tyler Toffoli and loses puck.
5:49 of 3rd period - Slapshot by Andrei Kuzmenko.
5:49 of 3rd period - Stopped by Kaapo Kahkonen without a rebound.
5:50 of 3rd period - Shane Pinto wins face-off versus Dawson Mercer in Blues zone.
5:55 of 3rd period - Slapshot by Alex Pietrangelo.
5:55 of 3rd period - Stopped by Kaapo Kahkonen without a rebound.
5:56 of 3rd period - Alex Ovechkin wins face-off versus Dawson Mercer in Blues zone.
7:49 of 3rd period - Snap shot by Jean-Gabriel Pageau.
7:49 of 3rd period - Stopped by Kaapo Kahkonen with a rebound.
7:51 of 3rd period - Snap shot by Jean-Gabriel Pageau.
7:51 of 3rd period - Stopped by Kaapo Kahkonen with a rebound.
7:53 of 3rd period - Backhand shot by Trevor van Riemsdyk.
7:53 of 3rd period - Shot Misses the Net.
8:09 of 3rd period - Slapshot by Brandon Montour.
8:09 of 3rd period - Deflect By Pavel Buchnevich.
8:09 of 3rd period - Stopped by Andrei Vasilevskiy with a rebound.
8:15 of 3rd period - Backhand shot by Pius Suter.
8:15 of 3rd period - Shot Misses the Net.
9:33 of 3rd period - Paul Stastny is hit by Mario Ferraro and loses puck.
9:54 of 3rd period - Snap shot by Paul Stastny.
9:54 of 3rd period - Stopped by Andrei Vasilevskiy with a rebound.
10:07 of 3rd period - Trevor van Riemsdyk is hit by Arthur Kaliyev.
10:18 of 3rd period - Wrist shot by Paul Stastny.
10:18 of 3rd period - Shot Misses the Net.
10:20 of 3rd period - Snap shot by Travis Hamonic.
10:20 of 3rd period - Deflect By Paul Stastny.
10:20 of 3rd period - Shot Misses the Net.
10:20 of 3rd period - Puck is out of play.
10:21 of 3rd period - Dawson Mercer wins face-off versus Leon Draisaitl in Sharks zone.
10:55 of 3rd period - Slapshot by Jake McCabe.
10:55 of 3rd period - Stopped by Kaapo Kahkonen without a rebound.
10:56 of 3rd period - Brayden Schenn wins face-off versus William Karlsson in Blues zone.
11:28 of 3rd period - Snap shot by Alex Ovechkin.
11:28 of 3rd period - Deflect By Leon Draisaitl.
11:28 of 3rd period - Stopped by Kaapo Kahkonen with a rebound.
11:30 of 3rd period - Snap shot by Colton Sissons.
11:30 of 3rd period - Stopped by Kaapo Kahkonen without a rebound.
11:31 of 3rd period - Dawson Mercer wins face-off versus Leon Draisaitl in Blues zone.
12:01 of 3rd period - Off-side.
12:02 of 3rd period - Brayden Schenn wins face-off versus William Karlsson in neutral zone.
12:50 of 3rd period - Wrist shot by Brayden Schenn.
12:50 of 3rd period - Shot Misses the Net.
12:52 of 3rd period - Slapshot by Travis Hamonic.
12:52 of 3rd period - Stopped by Andrei Vasilevskiy without a rebound.
12:53 of 3rd period - Dawson Mercer wins face-off versus Leon Draisaitl in Sharks zone.
13:03 of 3rd period - Minor Penalty to Leon Draisaitl for Slashing.
13:04 of 3rd period - William Karlsson wins face-off versus Brayden Schenn in Sharks zone.
13:09 of 3rd period - Off-side.
13:10 of 3rd period - Brayden Schenn wins face-off versus William Karlsson in neutral zone.
13:25 of 3rd period - Wrist shot by Tyler Toffoli.
13:25 of 3rd period - Stopped by Andrei Vasilevskiy with a rebound.
15:03 of 3rd period - Penalty to Leon Draisaitl is over, Leon Draisaitl is back on ice.
15:13 of 3rd period - Snap shot by Andrei Kuzmenko.
15:13 of 3rd period - Shot Misses the Net.
15:15 of 3rd period - Snap shot by Wyatt Johnston.
15:15 of 3rd period - Shot Misses the Net.
15:17 of 3rd period - Slapshot by Ivan Provorov.
15:17 of 3rd period - Stopped by Kaapo Kahkonen without a rebound.
15:18 of 3rd period - Jean-Gabriel Pageau wins face-off versus Pius Suter in Blues zone.
15:19 of 3rd period - Snap shot by Trevor Lewis.
15:19 of 3rd period - Shot Misses the Net.
15:24 of 3rd period - Off-side.
15:25 of 3rd period - Jean-Gabriel Pageau wins face-off versus Pius Suter in neutral zone.
16:04 of 3rd period - Snap shot by Ivan Provorov.
16:04 of 3rd period - Shot Misses the Net.
16:11 of 3rd period - Off-side.
16:12 of 3rd period - Dawson Mercer wins face-off versus Leon Draisaitl in neutral zone.
16:17 of 3rd period - Slapshot by Mats Zuccarello.
16:17 of 3rd period - Stopped by Andrei Vasilevskiy with a rebound.
16:48 of 3rd period - Backhand shot by Pavel Buchnevich.
16:48 of 3rd period - Shot Misses the Net.
19:01 of 3rd period - Sharks, Andrei Vasilevskiy is pulled from the net.
19:03 of 3rd period - Wrist shot by Leon Draisaitl.
19:03 of 3rd period - Stopped by Kaapo Kahkonen without a rebound.
19:04 of 3rd period - Jon Cooper call a timeout for Sharks.
19:04 of 3rd period - Leon Draisaitl wins face-off versus Dawson Mercer in Blues zone.
19:20 of 3rd period - Snap shot by Dawson Mercer.
19:20 of 3rd period - Goal by Dawson Mercer - Blues : 4 - Sharks : 2.
19:20 of 3rd period - Andrei Vasilevskiy from Sharks was sent back in the game.
19:21 of 3rd period - Tomas Nosek wins face-off versus Pius Suter in neutral zone.
19:27 of 3rd period - Minor Penalty to Brandon Montour for Interference.
19:28 of 3rd period - Leon Draisaitl wins face-off versus Dawson Mercer in Blues zone.
Goals for this period are 2 for Blues vs 0 for Sharks.
Shots for this period are 11 for Blues vs 12 for Sharks.